 Dungeon Crawl Stone Soup version 0.21.1-1-g345015f (webtiles) character file.

124 lotte the Magician (level 4, 0/24 HPs)
             Began as a Deep Elf Earth Elementalist on July 6, 2018.
             Succumbed to an adder's poison
             ... on level 2 of the Dungeon.
             The game lasted 00:10:12 (2317 turns).

lotte the Magician (Deep Elf Earth Elementalist)    Turns: 2317, Time: 00:10:12

Health: 0/24       AC:  5    Str:  5    XL:     4   Next: 81%
Magic:  3/13       EV: 13    Int: 21    God:
Gold:   108        SH:  0    Dex: 15    Spells: 7/13 levels left

rFire    . . .     SeeInvis .   h - +2 dagger (venom)
rCold    . . .     Gourm    .   (no shield)
rNeg     . . .     Faith    .   c - +0 robe
rPois    .         Spirit   .   (no helmet)
rElec    .         Reflect  .   i - +2 cloak
rCorr    .         Harm     .   (no gloves)
MR       .....                  (no boots)
Stlth    ++........             (no amulet)
HPRegen  0.08/turn              (no ring)
MPRegen  0.13/turn              (no ring)

@: lethally poisoned (0 -> -2)
A: no striking features
a: no special abilities


You were on level 2 of the Dungeon.
You were not hungry.

You visited 1 branch of the dungeon, and saw 2 of its levels.

You collected 108 gold pieces.

Inventory:

Hand Weapons
 f - a +0 dagger
 h - a +2 dagger of venom (weapon)
Missiles
 b - 123 stones (quivered)
 l - a throwing net
Armour
 c - a +0 robe (worn)
 i - a +2 cloak (worn)
Scrolls
 a - 2 scrolls of remove curse {unknown}
 g - a scroll of fog {unknown}
 j - 2 scrolls of identify {unknown}
Books
 e - a book of Geomancy

   Spells                             Type                      Level
   a - Sandblast                      Earth                        1
   b - Passwall                       Transmutation/Earth          2
   c - Stone Arrow                    Conjuration/Earth            3
   d - Petrify                        Transmutation/Earth          4
   e - Lee's Rapid Deconstruction     Earth                        5
Comestibles
 d - 2 rations


   Skills:
 + Level 2.9 Dodging
 - Level 2.6 Stealth
 * Level 5.2 Spellcasting
 - Level 0.1 Conjurations
 - Level 1.4 Transmutations
 * Level 4.4 Earth Magic


You had 7 spell levels left.
You knew the following spells:

 Your Spells              Type           Power        Failure   Level  Hunger
a - Sandblast             Erth           ###...       1%          1    None
b - Passwall              Tmut/Erth      ###.......   4%          2    None
c - Stone Arrow           Conj/Erth      ###...       12%         3    ##.....


Dungeon Overview and Level Annotations

Branches:
Dungeon (2/15)

Altars:


Message History

Unknown command.
Unknown command.
There is a lethal amount of poison in your body!
There is a lethal amount of poison in your body!
There is a lethal amount of poison in your body!
There is a lethal amount of poison in your body!
There is a lethal amount of poison in your body!
* * * LOW HITPOINT WARNING * * *
You feel sick.
The kobold shouts!
The kobold throws a stone.
The stone barely misses you.
Things that are here:
a stone; an adder corpse
* * * LOW HITPOINT WARNING * * *
You feel sick.
* * * LOW HITPOINT WARNING * * *
You feel sick.
The kobold throws a stone.
The stone closely misses you.
You see here a stone.
You die...

#.##.####.## #...........
####.####.## ##.# #..# ###
#.## ..##.# #.# #.#
#######.##.# #.### #.#
#..........# #... #.#
#.###.#@##.# #..# #.#####.#
#..(.#.###..#
#.....).###.#.........## ##
#######.r..r#.##.###...###....
##.####.....KK........# #.#
####.###..>####.#
#.#######...........
#....r....####.......
########### ########


You could see a kobold and a rat.

Vanquished Creatures
  4 gnolls (D:2)
  3 adders (D:2)
  A dart slug (D:2)
  A leopard gecko (D:1)
  6 bats
  3 giant cockroaches
  11 goblins
  10 hobgoblins
  2 quokkas (D:2)
  4 frilled lizards
  4 kobolds (D:1)
  6 rats
55 creatures vanquished.

Notes
Turn   | Place    | Note
-------+----------+-------------------------------------------
     0 | D:1      | lotte the Deep Elf Earth Elementalist began the quest for the Orb.
     0 | D:1      | Reached XP level 1. HP: 10/10 MP: 6/6
   253 | D:1      | Reached XP level 2. HP: 15/15 MP: 5/8
   832 | D:1      | Reached XP level 3. HP: 19/19 MP: 8/10
   930 | D:1      | Learned a level 2 spell: Passwall
  1241 | D:1      | Reached skill level 4 in Spellcasting
  1919 | D:2      | Reached XP level 4. HP: 22/24 MP: 8/12
  1969 | D:2      | Learned a level 3 spell: Stone Arrow
  2216 | D:2      | Reached skill level 5 in Spellcasting
  2313 | D:2      | HP: 1/24 [poisoned by an adder]
  2317 | D:2      | Succumbed to an adder's poison

Skill      XL: |  1  2  3  4 |
---------------+-------------+-----
Spellcasting   | 4 5 |  5.2
Earth Magic    | 4 |  4.4
Dodging        | |  2.9
Stealth        | |  2.6
Conjurations   | |  0.1
Transmutations | |  1.4

Action                   |  1- 3 |  4- 6 || total
-------------------------+-------+-------++-------
Melee: Dagger            |       |     3 ||     3
 Cast: Sandblast         |    53 |    13 ||    66
       Passwall          |     1 |     1 ||     2
       Stone Arrow       |       |     8 ||     8
  Use: Potion            |       |     1 ||     1
  Eat: Ration            |     1 |       ||     1
       Chunk             |       |     1 ||     1
Armor: Robe              |     6 |     2 ||     8
Dodge: Dodged            |    15 |    13 ||    28
